 Dungeon Crawl Stone Soup version 0.31.0-32-g396128a36d (webtiles) character file.

Game seed: 500219903004722397

1634943 KleptoBismol the Conqueror (level 26, 239/239 HPs)
             Began as a Minotaur Fighter on Apr 13, 2024.
             Was a High Priest of Okawaru.
             Escaped with the Orb
             ... and 3 runes on Apr 21, 2024!
             The game lasted 2 days 04:54:01 (72565 turns).

KleptoBismol the Conqueror (Minotaur Fighter)  Turns: 72565, Time: 2 , 04:54:02

Health: 239/239    AC: 42    Str: 42    XL:     26   Next: 45%
Magic:  9/28       EV: 11    Int: 11    God:    Okawaru [*****.]
Gold:   3959       SH: 23    Dex:  9    Spells: 25/25 levels left

rFire   + . .        Z - +9 eveningstar (freeze)
rCold   + + .        Q - +1 tower shield "Izik" {-Cast rC++ Stlth+}
rNeg    + . .        c - +10 plate armour {rF+}
rPois   +            W - +1 hat {SInv}
rElec   .            R - +4 dragonskin cloak
rCorr   .            e - +3 Mad Mage's Maulers {Infuse+∞ VampMP -Cast}
SInv    +            w - +2 pair of boots {Fly}
Will    ++...        I - amulet of regeneration Stlth
                     q - ring of Cacotiof {rPois Str+4 Int+6 Stlth+}
HPRegen 1.39/turn    V - ring of Anarchy {rN+ Will+ Str+6 Slay+2}
MPRegen 0.21/turn

%: no spellcasting, infuse magic (9 MP)
@: flying, hasted, studying 2 skills, very quick
A: horns 2, retaliatory headbutt, clumsy 1, deformed body, frail 1, low MP 1,
mutation resistance 1, MP-powered wands
0: Orb of Zot
}: 3/15 runes: decaying, serpentine, silver
a: Renounce Religion, Heroism, Finesse, Duel


You escaped.
You worshipped Okawaru.
Okawaru was extremely pleased with you.
You visited 9 branches of the dungeon, and saw 47 of its levels.
You visited 1 bazaar.
You also visited: Gauntlet and Ice Cave.

You collected 9129 gold pieces.
You spent 5170 gold pieces at shops.

Inventory:

Hand Weapons
 a - a +7 heavy eveningstar
 f - the +8 falchion of Magnificence {venom, rF++}
   (You found it on level 12 of the Dungeon)

   rF++:      It greatly protects you from fire.
 l - the +3 flail "Biadwugh" {elec, rElec Will+ Dex-3}
   (You found it on level 4 of the Swamp)

   Dex-3:     It affects your dexterity (-3).
   rElec:     It insulates you from electricity.
   Will+:     It increases your willpower.
 Z - a +9 eveningstar of freezing (weapon)
Missiles
 b - 5 datura-tipped darts
 p - 26 javelins
 E - 17 silver javelins
 H - 29 boomerangs
 K - 14 atropa-tipped darts
 T - 9 curare-tipped darts
 U - 2 throwing nets
Armour
 c - a +10 plate armour of fire resistance (worn)
 e - the +3 Mad Mage's Maulers (worn) {Infuse+∞ VampMP -Cast}
   (You bought it in a shop on level 3 of the Elven Halls)

   Infuse+∞: It empowers its wearer's blows with all of their magic.
   VampMP:    Blows struck in melee replenish the wearer's magic.
   -Cast:     It prevents spellcasting.
 w - a +2 pair of boots of flying (worn)
 x - a +0 cloak of poison resistance
 Q - the +1 tower shield "Izik" (worn) {-Cast rC++ Stlth+}
   (Okawaru gifted it to you on level 2 of the Lair of Beasts)

   rC++:      It greatly protects you from cold.
   -Cast:     It prevents spellcasting.
   Stlth+:    It makes you more stealthy.
 R - the +4 dragonskin cloak (worn)
   (You took it off Tiamat on level 4 of the Realm of Zot)

   Avatar's Aegis: It grants the wearer a chance to resist fire, cold, poison,
   electricity, acid, and negative energy.
 W - a +1 hat of see invisible (worn)
Jewellery
 g - a ring of willpower
 q - the ring of Cacotiof (left hand) {rPois Str+4 Int+6 Stlth+}
   (You bought it in a shop in a bazaar)

   [ring of intelligence]

   Str+4:     It affects your strength (+4).
   Int+6:     It affects your intelligence (+6).
   rPois:     It protects you from poison Stlth+: It makes you more stealthy.
 F - the ring of Ymelu {rN+ rCorr Slay+2}
   (You took it off a deep elf sorcerer on level 3 of the Elven Halls)

   [ring of positive energy]

   Slay+2:    It affects your accuracy & damage with ranged weapons and melee
   (+2).
   rN+:       It protects you from negative energy.
   rCorr:     It protects you from acid and corrosion.
 I - an amulet of regeneration (around neck)
 M - a ring of protection from fire
 V - the ring of Anarchy (right hand) {rN+ Will+ Str+6 Slay+2}
   (You acquired it on level 3 of the Swamp)

   [ring of strength]

   Str+6:     It affects your strength (+6).
   Slay+2:    It affects your accuracy & damage with ranged weapons and melee
   (+2).
   rN+:       It protects you from negative energy.
   Will+:     It increases your willpower.
Wands
 u - a wand of roots (18)
 v - a wand of digging (20) (quivered)
 z - a wand of polymorph (31)
 N - a wand of light (29)
 O - a wand of mindburst (58)
 P - a wand of flame (126)
 S - a wand of paralysis (29)
Scrolls
 h - 5 scrolls of blinking
 n - 8 scrolls of fear
 o - a scroll of revelation
 r - 12 scrolls of poison
 s - 7 scrolls of fog
 B - 20 scrolls of teleportation
 C - 2 scrolls of silence
Potions
 d - 6 potions of might
 j - 5 potions of invisibility
 k - 3 potions of haste
 m - 3 potions of resistance
 t - 9 potions of heal wounds
 y - 7 potions of mutation
 A - 18 potions of curing
 D - 2 potions of cancellation
 G - 7 potions of ambrosia
 L - 12 potions of enlightenment
 Y - a potion of berserk rage
Miscellaneous
 i - a lightning rod (4/4)
 J - a tin of tremorstones (2/2)
 X - a phial of floods (inert)


   Skills:
 O Level 27 Fighting
 - Level 21.4(25.6) Axes
 * Level 23.8(26.8) Maces & Flails
 + Level 15.6 Throwing
 + Level 24.5 Armour
 - Level 5.0 Dodging
 - Level 3.0 Stealth
 + Level 24.4 Shields
 - Level 13.0 Invocations
 - Level 5.0 Evocations


You had 25 spell levels left.
You didn't know any spells.
Your spell library contained the following spells:

 Spells                   Type           Power      Damage    Failure   Level
 Apportation              Tloc           0%         N/A       67%         1
 Foxfire                  Conj/Fire      0%         2x1d4     67%         1
 Freeze                   Ice            0%         1d3       67%         1
 Magic Dart               Conj           0%         1d3       67%         1
 Necrotise                Necr           0%         1d4       67%         1
 Sandblast                Erth           0%         2d4       67%         1
 Shock                    Conj/Air       0%         1d3       67%         1
 Sting                    Conj/Alch      0%         1d3       67%         1
 Blink                    Tloc           0%         N/A       80%         2
 Jinxbite                 Hex            0%         N/A       80%         2
 Lesser Beckoning         Tloc           0%         N/A       80%         2
 Mercury Vapours          Alch/Air       0%         N/A       80%         2
 Momentum Strike          Conj/Tloc      0%         3d8       80%         2
 Static Discharge         Conj/Air       0%         3-3/arc   80%         2
 Dazzling Flash           Conj/Hex       0%         N/A       95%         3
 Frozen Ramparts          Ice            0%         1d1       95%         3
 Gell's Gravitas          Tloc           0%         N/A       95%         3
 Hailstorm                Conj/Ice       0%         3d5       95%         3
 Passwall                 Erth           0%         N/A       95%         3
 Sigil of Binding         Hex            0%         N/A       95%         3
 Stone Arrow              Conj/Erth      0%         3d7       95%         3
 Swiftness                Air            0%         N/A       95%         3
 Teleport Other           Tloc           0%         N/A       95%         3
 Vampiric Draining        Necr           0%         2d6       95%         3
 Volatile Blastmotes      Fire/Tloc      0%         2d10      95%         3
 Airstrike                Air            0%         2d(0-16)  100%        4
 Brom's Barrelling Bould  Conj/Erth      0%         2d3       100%        4
 Cause Fear               Hex            0%         N/A       100%        4
 Dimensional Bullseye     Hex/Tloc       0%         N/A       100%        4
 Ignite Poison            Fire/Alch      0%         N/A       100%        4
 Leda's Liquefaction      Alch/Erth      0%         N/A       100%        4
 Olgreb's Toxic Radiance  Alch           0%         N/A       100%        4
 Petrify                  Alch/Erth      0%         N/A       100%        4
 Alistair's Intoxication  Alch           0%         N/A       100%        5
 Curse of Agony           Necr           0%         N/A       100%        5
 Fireball                 Conj/Fire      0%         3d3       100%        5
 Iskenderun's Battlesphe  Conj           0%         2d6       100%        5
 Lee's Rapid Deconstruct  Erth           0%         3d4*      100%        5
 Metabolic Englaciation   Hex/Ice        0%         N/A       100%        5
 Yara's Violent Unravell  Hex/Alch       0%         3d3       100%        5
 Bombard                  Conj/Erth      0%         9d1       100%        6
 Conjure Ball Lightning   Conj/Air       0%         3x3d6     100%        6
 Dispersal                Tloc           0%         N/A       100%        6
 Plasma Beam              Fire/Air       0%         2x1d10    100%        6
 Starburst                Conj/Fire      0%         6d3       100%        6
 Orb of Destruction       Conj           0%         9d5       100%        7
 Ozocubu's Refrigeration  Ice            0%         4d7       100%        7
 Discord                  Hex            0%         N/A       100%        8
 Maxwell's Capacitive Co  Air            0%         ∞         100%        8
 Polar Vortex             Ice            0%         N/A       100%        9
 Summon Small Mammal      Summ           Unusable   N/A       N/A         1
 Call Imp                 Summ           Unusable   N/A       N/A         2
 Call Canine Familiar     Summ           Unusable   N/A       N/A         3
 Summon Ice Beast         Ice/Summ       Unusable   N/A       N/A         3
 Martyr's Knell           Necr/Summ      Unusable   N/A       N/A         4
 Summon Lightning Spire   Summ/Air       Unusable   N/A       N/A         4
 Sculpt Simulacrum        Ice/Alch       Unusable   N/A       N/A         6
 Dragon's Call            Summ           Unusable   N/A       N/A         9

Dungeon Overview and Level Annotations

Branches:
Dungeon (15/15)            Temple (0/1) D:6            Lair (5/5) D:10
  Swamp (4/4) Lair:2        Snake (4/4) Lair:3        Slime (0/5) Lair:5
    Orc (2/2) D:11            Elf (3/3) Orc:2        Vaults (5/5) D:14
  Crypt (0/3) Vaults:3     Depths (4/4) D:15            Zot (5/5) Depths:4
  IceCv (visited)         Gauntlet (visited)

Altars:
Cheibriados
Gozag
Kikubaaqudgha
Nemelex Xobeh
Okawaru
Qazlal
Ru
Sif Muna
Trog
Uskayaw
Wu Jian
Xom
Yredelemnul
The Shining One
Jiyva

Shops:
D:1 *   D:8 *   D:10 ((   Orc:2 !*(?   Elf:1 ?   Elf:2 :   Elf:3 *[*?(
Snake:1 [   Vaults:1 [   Vaults:2 [   Depths:1 *   Depths:2 =::   Depths:3 **

Portals:
Hell: Depths:1 Depths:2 Depths:3 Depths:4
Abyss: Depths:3
Pandemonium: Depths:2 Depths:4
Ziggurat: Depths:3

Annotations:
D:4 2 transporters, Fractals's ghost, amateur OnBe
D:8 cheese lava fly
Snake:2 Mara below no use top right stairs down, exclusion: downstairs
Snake:3 Mara
Snake:4 3 runed translucent doors, middlethird's ghost, adept VSIE
Depths:1 stairs zot, stairs hot, exclusion: downstairs
Depths:3 exclusion: 2 orange crystal statues
Zot:4 exclusion: door


Innate Abilities, Weirdness & Mutations

You have a pair of horns on your head.
You reflexively headbutt those who attack you in melee.
You are clumsy. (Dex -2)
Armour fits poorly on your strangely shaped body.
You are frail. (-10% HP)
Your magical capacity is low. (-10% MP)
You are somewhat resistant to further mutation.
You expend magic power (3 MP) to strengthen your wands.


Message History

Z - a +9 eveningstar of freezing (weapon)
Hit: Z) +9 eveningstar (freeze)
Press: ? - help, Dir - move target, f - lorocyproca
Aim: a lorocyproca (slightly transparent, about 24% to evade your +9 eveningstar of freezing)
You beat the lorocyproca like a drum!!!!!
You freeze the lorocyproca.
You kill the lorocyproca!
Okawaru accepts your kill.
Unknown command.
Unknown command.
An Orb Guardian comes into view.
Unknown command.
Unknown command.
Press: ? - help, v - describe, . - travel
Here: an Orb Guardian The floor.
Unknown command.
Unknown command.
Unknown command.
Press: ? - help, v - describe, . - travel
Here: an Orb Guardian The floor.
There is a stone staircase leading up here.
The Orb Guardian hits you but does no damage.
You fly upwards.
There is a stone staircase leading down here.
Unknown command.
Unknown command.
Unknown command.
Unknown command.
Aiming: Dig
Press: ? - help, Q - select action, (/) - cycle Shift-Dir - straight line A rock wall.
This square is covered in magical glow.
You feel a surge of power!
The rock shatters into small pieces.
Unknown command.
Unknown command.
You feel yourself speed up.
There is a staircase leading out of the dungeon here.
You have escaped!

#...≈≈≈≈≈≈≈§≈≈≈>#
#...≈≈≈§≈≈≈§§≈§≈#
###....≈≈≈≈≈≈≈≈§≈≈#
############...)...≈≈≈≈≈≈§≈§≈#
...##........##....≈≈≈≈≈≈≈§§≈#
##.##......#.##....≈≈≈≈§≈≈≈§≈#
#.##......#.##....≈≈≈≈≈≈§§§≈#
##'##......#.##.##..≈≈≈≈§§≈§≈#
...........#....@#...≈§§≈≈§≈≈#
...........###.......§§≈≈≈≈≈§#
...........# ######...[.≈..§§#
........#### #.........≈#
+####'#############.##########
.# #.................#
###################.#.#
...................>#.#
###'########.####.#.#.#


There were no monsters in sight!

Vanquished Creatures
  Frederick (Depths:3)
  A dread lich (Vaults:2)
  3 ancient liches
  Tiamat (Zot:4)
  7 orbs of fire
  Xtahua (Vaults:2)
  Sojobo (Depths:1)
  Vv (Arena)
  Bai Suzhen (Snake:3)
  Boris (thrice) (Vaults:1 Vaults:3 Depths:1)
  2 shard shrikes (Zot:1)
  Vashnia (Snake:4)
  A Killer Klown (Zot:5)
  9 golden dragons
  4 caustic shrikes (Depths:4)
  Jory (Vaults:4)
  Nikola (Swamp:1)
  A bone dragon (Swamp:3)
  the Enchantress (Depths:1)
  2 doom hounds (Zot:1)
  An electric golem (Zot:5)
  A Brimstone Fiend (D:10)
  22 Orb Guardians
  Jorgrun (Orc:1)
  An Ice Fiend (Depths:3)
  18 tentacled monstrosities
  Mlioglotl (Snake:1)
  2 quicksilver dragons
  5 titans
  2 walking frostbound tomes (Depths:2)
  A lich (Vaults:2)
  Grunn (Zot:1)
  2 deep elf blademasters (Elf:3)
  3 sphinxes
  Frances (D:13)
  An acid blob (Zot:1)
  An Executioner (D:13)
  8 death cobs
  19 storm dragons
  Aizul (Snake:3)
  3 fenstrider witches
  13 shadow dragons
  3 draconian monks
  Donald (Orc:2)
  10 tengu reavers
  11 nagarajas (Snake:4)
  2 draconian knights
  3 protean progenitors
  13 fire giants
  10 frost giants
  2 iron dragons
  2 balrugs
  14 deep elf sorcerers
  2 draconian shifters
  4 ghost moths
  16 vault wardens
  5 deep elf elementalists (Elf:3)
  3 draconian scorchers
  7 draconian annihilators
  6 spriggan defenders
  3 draconian stormcallers
  24 ironbound preservers
  46 very ugly things
  16 stone giants
  A formless jellyfish (Vaults:2)
  4 deep elf demonologists
  10 ironbound thunderhulks
  16 red draconians
  3 vampire knights
  12 green draconians
  2 eleionomae
  5 war gargoyles
  3 deep elf death magi (Elf:3)
  5 black draconians
  4 deep elf annihilators
  A lorocyproca (D:2)
  11 yellow draconians
  7 bunyips
  A minotaur (Gauntlet)
  2 wendigos (Depths:3)
  9 dire elephants
  7 purple draconians
  18 white draconians
  8 spark wasps
  Snorg (D:13)
  2 green deaths
  12 ettins
  An entropy weaver (Vaults:3)
  A crystal guardian (Vaults:2)
  The ghost of DemonSlayer the Covert, a journeyman DsEE of Dithmenos (Lair:3)
  11 fire dragons
  7 deep elf high priests
  Harold (D:11)
  10 great orbs of eyes
  Fannar (D:11)
  18 yaktaur captains
  3 peacekeepers
  7 rakshasas
  15 ice dragons
  2 caustic shrike simulacra (Depths:3)
  37 vault guards
  13 anacondas
  3 ghost crabs
  6 ogre magi
  Erolcha (Orc:2)
  7 hydras
  6 spriggan air magi
  4 salamander tyrants
  11 alligators
  8 centaur warriors
  18 two-headed ogres
  32 dancing weapons
  5 ironbound frosthearts
  4 boulder beetles
  5 tengu warriors
  A two-headed ogre (shapeshifter) (D:14)
  5 deep troll shamans
  2 vampire magi
  12 naga warriors
  13 death yaks
  5 deep troll earth magi
  Urug (Orc:1)
  2 occultists (Depths:2)
  10 deep elf knights
  8 spriggan berserkers
  6 shock serpents
  Nergalle (D:11)
  A hell hog (Depths:1)
  16 naga sharpshooters
  A sun demon (Depths:1)
  19 hell knights
  7 iron trolls
  7 soul eaters
  3 sixfirhies
  3 goliath frogs
  3 sea snakes (Snake:4)
  2 shadow wraiths
  5 skysharks
  7 swamp dragons
  A glowing orange brain (shapeshifter) (Vaults:4)
  6 salamander mystics
  9 arcanists
  7 bog bodies
  A death drake (Swamp:4)
  51 deep trolls
  2 orc knights
  4 spriggan druids
  3 glowing orange brains
  9 deep elf archers
  2 flayed ghosts
  9 mana vipers
  12 phantasmal warriors
  4 naga ritualists
  3 spectral hydras (Swamp:4)
  13 lindwurms
  4 harpies (Vaults:3)
  3 necromancers
  2 spectral alligators (Swamp:4)
  2 alligator zombies (Swamp:4)
  24 deep elf pyromancers
  30 deep elf zephyrmancers
  A harpy (shapeshifter) (D:12)
  22 ironbound convokers
  31 ugly things
  4 manticores
  6 cyclopes
  20 salamanders
  An oklob plant (Lair:2)
  24 moths of wrath
  16 elephants
  6 guardian serpents
  3 will-o-the-wisps
  2 kobold blastminers (Orc:1)
  21 naga magi
  An ice statue (IceCv)
  35 black mambas
  A large abomination (D:13)
  16 vault sentinels
  3 torpor snails
  2 rust devils
  A gargoyle (D:14)
  21 cane toads
  2 orange demons (D:15)
  An unseen horror (D:10)
  5 smoke demons
  14 komodo dragons
  47 yaktaurs
  Jeremiah (D:8)
  9 rime drakes
  2 efreet (D:15)
  2 swamp worm zombies (Swamp:4)
  3 ice devils (D:15)
  4 hydra zombies (Swamp:4)
  4 freezing wraiths
  12 tyrant leeches
  10 trolls
  2 tengu conjurers
  2 red devils (D:15)
  3 hellwings (D:15)
  A bloated husk (Swamp:1)
  A polar bear (shapeshifter) (Vaults:5)
  10 polar bears
  A tengu simulacrum (Depths:3)
  Prince Ribbit (Lair:3)
  A hornet (shapeshifter) (Depths:2)
  A wolf spider simulacrum (Gauntlet)
  15 blink frogs
  17 hornets
  2 spectral swamp dragons (Swamp:4)
  10 dream sheep
  3 glass eyes
  2 air elementals
  4 centaur simulacra
  42 slime creatures
  3 wraiths
  A shadow (D:11)
  6 basilisks
  5 wyverns
  14 spriggans
  2 fire elementals (Elf:3)
  61 yaks
  2 vampires (D:12)
  2 tyrant leech zombies (Swamp:4)
  19 vampire mosquitoes
  4 water elementals
  3 steam dragons
  3 redbacks
  2 wargs
  4 chaos spawn (D:15)
  A redback (shapeshifter) (D:14)
  19 swamp worms
  54 nagas
  4 acid dragons
  12 water moccasins
  4 swamp drakes
  2 black bears
  A meliai simulacrum (Gauntlet)
  4 ice beasts
  2 laughing skulls (D:14)
  A swamp dragon zombie (Swamp:4)
  11 orc warriors
  A sky beast (D:7)
  A wolf (shapeshifter) (D:15)
  2 boggarts (Vaults:2)
  20 wolves
  26 ogres
  14 centaurs
  8 phantoms
  5 kobold brigands
  18 bullfrogs
  2 earth elementals
  A scorpion (D:7)
  2 gnoll sergeants
  5 wights (D:8)
  19 killer bees
  3 howler monkeys
  3 electric eels
  4 crimson imps (D:10)
  A wyvern simulacrum (Gauntlet)
  2 bombardier beetles
  A jelly (shapeshifter) (D:15)
  6 jellies
  11 orc priests
  5 hounds
  14 iguanas
  2 sleepcaps
  Natasha (thrice) (D:2)
  17 orc wizards
  Robin (D:2)
  10 gnolls
  9 adders
  A shadow imp (Gauntlet)
  2 white imps
  2 howler monkey simulacra (D:10)
  2 ribbon worms
  51 orcs
  3 ball pythons (D:1)
  10 endoplasms
  2 giant cockroaches (D:2)
  20 goblins
  11 hobgoblins
  5 jackals
  20 kobolds
  A quokka (D:5)
  A bat (D:2)
  6 frilled lizards
  2 rats
  2 aspiring fleshes
2151 creatures vanquished.

Vanquished Creatures (others)
  A deep elf pyromancer (Elf:1)
  6 bloated husks
  A tyrant leech (Swamp:1)
  A boggart (Vaults:2)
  8 foxfires
17 creatures vanquished.

Grand Total: 2168 creatures vanquished

Notes
Turn   | Place    | Note
-------+----------+-------------------------------------------
     0 | D:1      | KleptoBismol the Minotaur Fighter began the quest for the
                  | Orb.
     0 | D:1      | Reached XP level 1. HP: 19/19 MP: 0/0
   128 | D:1      | Found Beazom's Assorted Antiques.
   302 | D:1      | Reached XP level 2. HP: 26/27 MP: 1/1
   975 | D:2      | Noticed Natasha
   991 | D:2      | Killed Natasha
   992 | D:2      | Reached skill level 4 in Fighting
   992 | D:2      | Reached XP level 3. HP: 22/33 MP: 2/2
  1373 | D:2      | Reached XP level 4. HP: 40/40 MP: 3/3
  1492 | D:2      | Noticed Robin
  1506 | D:2      | Killed Robin
  1719 | D:2      | Noticed Natasha
  1723 | D:2      | Killed Natasha
  1724 | D:2      | Reached skill level 1 in Throwing
  1858 | D:2      | Noticed Natasha
  1865 | D:2      | Killed Natasha
  1866 | D:2      | Reached XP level 5. HP: 47/47 MP: 4/4
  2121 | D:1      | Bought a scroll labelled YGAICU ZYGEWK for 19 gold pieces
  2121 | D:1      | Bought a scroll labelled POPHAFY KYUGUO for 19 gold pieces
  2121 | D:1      | Bought a ruby potion for 17 gold pieces
  2121 | D:1      | Bought a sedimented black potion for 17 gold pieces
  2171 | D:1      | Found a shimmering altar of Xom.
  2259 | D:3      | You are sucked into a shaft and drop 1 floor!
  2734 | D:3      | Reached skill level 5 in Fighting
  2734 | D:3      | Reached skill level 5 in Armour
  2912 | D:3      | Found a faded altar of an unknown god.
  3165 | D:4      | Found an ornate altar of the Wu Jian Council.
  3173 | D:4      | Noticed an ogre
  3175 | D:4      | Noticed Fractals's ghost (amateur OnBe)
  3218 | D:3      | Reached XP level 6. HP: 56/56 MP: 5/5
  3271 | D:4      | Reached skill level 5 in Shields
  3411 | D:4      | Found a transporter.
  3428 | D:4      | Found a transporter.
  3727 | D:5      | Entered Level 5 of the Dungeon
  4077 | D:5      | Reached XP level 7. HP: 61/61 MP: 6/6
  4116 | D:5      | Found an iron altar of Okawaru.
  4123 | D:5      | Became a worshipper of Warmaster Okawaru
  4330 | D:4      | Reached skill level 5 in Axes
  4675 | D:5      | Reached skill level 6 in Fighting
  4979 | D:5      | Noticed a +0 short sword
  4980 | D:5      | Noticed a +0 falchion
  4981 | D:5      | Noticed a +0 falchion
  4982 | D:5      | Noticed a +0 spear
  4982 | D:5      | Noticed a +0 spear
  4982 | D:5      | Noticed a +0 dagger
  4982 | D:5      | Noticed a +0 dagger
  4983 | D:5      | Noticed a +0 short sword
  4984 | D:5      | Found a hide-covered altar of Uskayaw.
  5109 | D:6      | Reached * piety under Okawaru
  5170 | D:6      | Reached XP level 8. HP: 47/71 MP: 4/7
  5520 | D:6      | Found a staircase to the Ecumenical Temple.
  5621 | D:6      | Found a sacrificial altar of Ru.
  5649 | D:6      | Identified the +5 scale mail of Vemesm {^Contam rPois
                  | Regen+ Stlth+}
  6135 | D:6      | Reached skill level 7 in Fighting
  6297 | D:6      | Found a basalt altar of Yredelemnul.
  6349 | D:6      | Found a shimmering blue altar of Sif Muna.
  6705 | D:7      | Reached ** piety under Okawaru
  6713 | D:7      | Reached XP level 9. HP: 65/79 MP: 8/8
  7265 | D:8      | Noticed Jeremiah
  7325 | D:8      | Found a sparkling altar of Nemelex Xobeh.
  7363 | D:8      | Reached skill level 8 in Fighting
  7532 | D:8      | Reached *** piety under Okawaru
  8071 | D:8      | Found Xiam Tam's Assorted Antiques.
  8083 | D:8      | Bought a scroll of identify for 60 gold pieces
  8083 | D:8      | Bought a glass wand for 120 gold pieces
  8083 | D:8      | Bought a clear potion for 27 gold pieces
  8331 | D:8      | Reached XP level 10. HP: 87/90 MP: 9/9
  8362 | D:8      | Identified a scroll of acquirement
  8363 | D:8      | Acquired a +2 war axe of venom
  8557 | D:9      | Reached skill level 10 in Axes
  8603 | D:9      | Reached skill level 9 in Fighting
  8906 | D:9      | Reached **** piety under Okawaru
  9172 | D:10     | Entered Level 10 of the Dungeon
  9271 | D:10     | Noticed a death yak
  9311 | D:10     | Noticed a two-headed ogre
  9329 | D:10     | Killed a two-headed ogre
  9329 | D:10     | Reached ***** piety under Okawaru
  9353 | D:10     | Noticed a cyclops
  9382 | D:10     | Killed a cyclops
  9383 | D:10     | Reached skill level 10 in Fighting
  9424 | D:10     | Killed a death yak
  9425 | D:10     | Reached skill level 10 in Armour
  9425 | D:10     | Reached XP level 11. HP: 69/99 MP: 10/10
  9574 | D:10     | Found a staircase to the Lair.
  9665 | D:10     | Found a shimmering altar of Xom.
  9678 | D:10     | Reached skill level 10 in Shields
  9832 | D:10     | Found Ympeh's Antique Weapon Shoppe.
 10116 | D:10     | Found Litient's Antique Weapon Boutique.
 10479 | Lair:1   | Entered Level 1 of the Lair of Beasts
 10677 | Lair:1   | Received a gift from Okawaru
 10735 | Lair:1   | Reached skill level 1 in Invocations
 11463 | Lair:2   | Received a gift from Okawaru
 11472 | Lair:2   | Reached skill level 1 in Dodging
 11530 | Lair:2   | Reached skill level 11 in Fighting
 11601 | Lair:2   | Noticed a six-headed hydra
 11625 | Lair:2   | Killed a six-headed hydra
 11694 | Lair:2   | Reached XP level 12. HP: 110/110 MP: 13/13
 12055 | Lair:2   | Received a gift from Okawaru
 12130 | Lair:2   | Reached skill level 5 in Throwing
 12171 | Lair:2   | Found a staircase to the Swamp.
 12507 | Lair:3   | Reached ****** piety under Okawaru
 12508 | Lair:3   | Acquired the +5 broad axe of Distant Shores {freeze, Int+3}
 12508 | Lair:3   | Received a gift from Okawaru
 12515 | Lair:3   | Received a gift from Okawaru
 12533 | Lair:2   | Acquired the +1 tower shield "Izik" {-Cast rC++ Stlth+}
 12533 | Lair:2   | Received a gift from Okawaru
 12642 | Lair:3   | Reached skill level 12 in Fighting
 12685 | Lair:3   | Found a staircase to the Snake Pit.
 12723 | Lair:3   | Noticed DemonSlayer's ghost (journeyman DsEE)
 12727 | Lair:3   | Found a runed translucent gate.
 12727 | Lair:3   | Found a runed translucent gate.
 12729 | Lair:3   | Found a runed translucent gate.
 12746 | Lair:3   | Noticed a six-headed hydra
 12746 | Lair:3   | Noticed Prince Ribbit
 12785 | Lair:3   | Killed Prince Ribbit
 12884 | Lair:3   | Received a gift from Okawaru
 13106 | Lair:3   | Reached XP level 13. HP: 113/118 MP: 15/15
 13488 | Lair:3   | Acquired a manual of Invocations
 13850 | Lair:4   | Reached skill level 1 in Evocations
 13894 | Lair:4   | Reached skill level 15 in Axes
 14072 | Lair:4   | Reached skill level 5 in Invocations
 14080 | Lair:4   | Received a gift from Okawaru
 14545 | Lair:5   | Entered Level 5 of the Lair of Beasts
 14630 | Lair:5   | Found a staircase to the Slime Pits.
 14750 | Lair:5   | Found a viscous altar of Jiyva.
 14783 | Lair:5   | Received a gift from Okawaru
 15123 | Lair:5   | Reached skill level 13 in Fighting
 15213 | Lair:5   | Reached XP level 14. HP: 129/129 MP: 19/19
 15599 | Lair:5   | Received a gift from Okawaru
 16219 | D:8      | Killed Jeremiah
 16324 | D:11     | Found a gate leading to a gauntlet.
 16345 | Gauntlet | Entered a Gauntlet
 16345 | Gauntlet | Found a transporter.
 16350 | Gauntlet | Found a transporter.
 16351 | Gauntlet | Found a transporter.
 16366 | Gauntlet | Found a transporter.
 16368 | Gauntlet | Found a transporter.
 16380 | Gauntlet | Found a transporter.
 16395 | Gauntlet | Found a transporter.
 16399 | Gauntlet | Found a transporter.
 16419 | Gauntlet | Found a transporter.
 16426 | Gauntlet | Found a transporter.
 16432 | Gauntlet | Found a transporter.
 16436 | Gauntlet | Found a transporter.
 16468 | Gauntlet | Found a transporter.
 16472 | Gauntlet | Found a transporter.
 16743 | Gauntlet | Identified the +6 sling of Purpose {heavy, rCorr Str-5
                  | Int+4}
 17086 | D:11     | Noticed Nergalle
 17092 | D:11     | Killed Nergalle
 17273 | D:11     | Found a staircase to the Orcish Mines.
 17534 | D:11     | Noticed Harold
 17559 | D:11     | Killed Harold
 17645 | D:11     | Noticed Maurice
 17646 | D:11     | Maurice changed into Maurice the spriggan
 17646 | D:11     | Noticed Maurice
 17648 | D:11     | Killed Maurice the spriggan
 17727 | D:11     | Reached skill level 10 in Invocations
 17759 | D:11     | Noticed Fannar
 17770 | D:11     | Killed Fannar
 17922 | Lair:3   | Killed DemonSlayer's ghost
 17929 | Lair:3   | Received a gift from Okawaru
 17936 | Lair:3   | Identified the ring "Xazecw" {Dex+3 SInv}
 18054 | Orc:1    | Entered Level 1 of the Orcish Mines
 18070 | Orc:1    | Noticed Jorgrun
 18102 | Orc:1    | Killed Jorgrun
 18150 | Orc:1    | Found a frozen archway.
 18169 | IceCv    | Entered an ice cave
 18425 | IceCv    | Noticed a frost giant
 18496 | IceCv    | Killed a frost giant
 18554 | IceCv    | Reached skill level 14 in Fighting
 18785 | Orc:1    | Reached XP level 15. HP: 138/138 MP: 22/22
 18872 | Orc:2    | Entered Level 2 of the Orcish Mines
 18875 | Orc:2    | Identified the +4 kite shield of an ossuary {rC++ Dex-5}
 18875 | Orc:2    | Noticed Donald
 18950 | Orc:2    | Killed Donald
 19091 | Orc:2    | Found a staircase to the Elven Halls.
 19172 | Orc:1    | Noticed Urug
 19197 | Orc:1    | Killed Urug
 19197 | Orc:1    | Received a gift from Okawaru
 19602 | Orc:2    | Noticed Erolcha
 19611 | Orc:2    | Killed Erolcha
 19918 | Orc:2    | Received a gift from Okawaru
 20097 | Orc:2    | Found Lonwab's Weapon Boutique.
 20097 | Orc:2    | Found Lymutih's Distillery.
 20106 | Orc:2    | Found Veriwker's Magic Scroll Emporium.
 20106 | Orc:2    | Found Tecked's General Store.
 20189 | Orc:2    | Bought a potion of enlightenment for 80 gold pieces
 20190 | Orc:2    | Bought a scroll of blinking for 105 gold pieces
 20531 | D:12     | Identified the +8 falchion of Magnificence {venom, rF++}
 20679 | D:12     | Reached skill level 15 in Fighting
 20911 | D:12     | Reached skill level 15 in Armour
 21266 | D:13     | Reached skill level 15 in Shields
 21431 | D:13     | Noticed Snorg
 21474 | D:13     | Killed Snorg
 21809 | D:13     | Got the Almanac of the Crevasse
 21949 | D:13     | Noticed Nessos
 21951 | D:13     | Nessos changed into Nessos the komodo dragon
 21951 | D:13     | Noticed Nessos
 21952 | D:13     | Killed Nessos the komodo dragon
 21956 | D:13     | Found a bloodstained altar of Trog.
 21973 | D:13     | Noticed Frances
 21990 | D:13     | Killed Frances
 22428 | D:14     | Received a gift from Okawaru
 23021 | D:14     | Reached XP level 16. HP: 137/149 MP: 24/24
 23047 | D:14     | Found a gate to the Vaults.
 23129 | D:15     | Entered Level 15 of the Dungeon
 23129 | D:15     | Found an iron altar of Okawaru.
 23723 | D:15     | Received a gift from Okawaru
 24121 | D:15     | Found a staircase to the Depths.
 24562 | D:8      | Bought a faintly glowing jade ring for 150 gold pieces
 24562 | D:8      | Identified the ring of Ureirph {^Drain rN+ AC+4 Int+5} (You
                  | bought it in a shop on level 8 of the Dungeon)
 24706 | Swamp:1  | Entered Level 1 of the Swamp
 24788 | Swamp:1  | Noticed Nikola
 24803 | Arena    | Entered the Arena
 24836 | Swamp:1  | Killed Nikola
 24838 | Arena    | Entered the Arena
 24861 | Swamp:1  | Reached skill level 16 in Fighting
 25759 | Swamp:2  | Reached skill level 5 in Evocations
 25779 | Swamp:2  | Received a gift from Okawaru
 26571 | Swamp:3  | Acquired the ring of Anarchy {rN+ Will+ Str+6 Slay+2}
 26617 | Swamp:3  | Reached skill level 5 in Dodging
 26705 | Swamp:4  | Entered Level 4 of the Swamp
 26848 | Swamp:4  | Identified the +3 flail "Biadwugh" {elec, rElec Will+
                  | Dex-3}
 27063 | Swamp:4  | Received a gift from Okawaru
 27369 | Swamp:4  | Reached XP level 17. HP: 160/160 MP: 25/25
 28107 | Swamp:4  | Noticed a bone dragon
 28120 | Swamp:3  | Killed a bone dragon
 28232 | Swamp:4  | Got a decaying rune of Zot
 28404 | Snake:1  | Entered Level 1 of the Snake Pit
 28414 | Snake:1  | Received a gift from Okawaru
 28420 | Lair:3   | Reached skill level 17 in Fighting
 28619 | Snake:1  | Noticed Mlioglotl
 28639 | Snake:1  | Killed Mlioglotl
 28807 | Snake:1  | Found Diasab's Antique Armour Shop.
 28972 | Snake:1  | Received a gift from Okawaru
 29734 | Snake:2  | Received a gift from Okawaru
 30094 | Snake:3  | Identified the serpent talisman "Fatyt" {rC+}
 30094 | Snake:3  | Noticed Aizul
 30115 | Snake:3  | Killed Aizul
 30596 | Snake:3  | Reached XP level 18. HP: 171/171 MP: 26/26
 30870 | Snake:3  | Noticed Bai Suzhen
 30880 | Snake:3  | Killed Bai Suzhen
 30888 | Snake:3  | Noticed Mara
 30897 | Snake:3  | Noticed KleptoBismol's illusion
 30969 | Snake:4  | Entered Level 4 of the Snake Pit
 30979 | Snake:4  | Found a runed translucent gate.
 30979 | Snake:4  | Found a runed translucent gate.
 30979 | Snake:4  | Found a runed translucent gate.
 30979 | Snake:4  | Noticed middlethird's ghost (adept VSIE)
 31113 | Snake:4  | Reached skill level 18 in Fighting
 31445 | Snake:4  | Received a gift from Okawaru
 32164 | Snake:4  | Received a gift from Okawaru
 32227 | Snake:4  | Noticed Vashnia
 32240 | Snake:4  | Killed Vashnia
 32628 | Snake:4  | Received a gift from Okawaru
 32808 | Snake:4  | Got a serpentine rune of Zot
 32956 | Snake:4  | Identified the staff of Exchange {rPois Str-5 Dex+4 Hexes
                  | Earth}
 34168 | Orc:2    | Bought a scroll of enchant weapon for 105 gold pieces
 34416 | Vaults:1 | Entered Level 1 of the Vaults
 34456 | Vaults:1 | Reached skill level 1 in Maces & Flails
 34864 | Vaults:1 | Received a gift from Okawaru
 34871 | Vaults:1 | Found Qoid's Antique Armour Emporium.
 34921 | Vaults:1 | Reached XP level 19. HP: 174/180 MP: 20/27
 34999 | Vaults:1 | Noticed Boris
 35010 | Vaults:1 | Killed Boris
 35480 | Vaults:1 | Received a gift from Okawaru
 35544 | Vaults:1 | Reached skill level 19 in Fighting
 35988 | Vaults:1 | Reached skill level 5 in Maces & Flails
 36504 | Vaults:2 | Found a flickering gateway to a bazaar.
 36545 | Bazaar   | Entered a bazaar
 36569 | Bazaar   | Found Paoc's Distillery.
 36581 | Bazaar   | Found Aniass's Assorted Antiques.
 36624 | Bazaar   | Found Ditac's General Store.
 36638 | Bazaar   | Found Rysusy's Jewellery Emporium.
 36691 | Bazaar   | Bought a shiny plate armour for 546 gold pieces
 36691 | Bazaar   | Bought a scroll of enchant armour for 157 gold pieces
 36737 | Bazaar   | Bought the ring of Cacotiof {rPois Str+4 Int+6 Stlth+} for
                  | 817 gold pieces
 36774 | Bazaar   | Bought a potion of might for 44 gold pieces
 36780 | Bazaar   | Found Peuw Esi's Armour Emporium.
 37442 | D:11     | Gained mutation: Armour fits poorly on your strangely
                  | shaped body. [mutagenic glow]
 37685 | Vaults:2 | Noticed a dread lich
 37729 | Vaults:2 | Killed a dread lich
 37902 | Vaults:2 | Found Utaig's Armour Emporium.
 38089 | Vaults:2 | Received a gift from Okawaru
 38090 | Vaults:2 | Reached skill level 20 in Fighting
 38203 | Vaults:2 | Noticed Xtahua
 38245 | Vaults:2 | Reached skill level 10 in Throwing
 38258 | Vaults:2 | Killed Xtahua
 39011 | Vaults:3 | Received a gift from Okawaru
 39012 | Vaults:3 | Reached skill level 21 in Fighting
 39025 | Vaults:3 | Reached XP level 20. HP: 154/198 MP: 28/28
 39658 | Vaults:3 | Noticed Boris
 39685 | Vaults:3 | Killed Boris
 39685 | Vaults:3 | Received a gift from Okawaru
 39948 | Vaults:3 | Found a staircase to the Crypt.
 39948 | Vaults:3 | Found a basalt altar of Yredelemnul.
 39949 | Vaults:3 | Found an ancient bone altar of Kikubaaqudgha.
 40225 | Vaults:3 | Reached skill level 22 in Fighting
 40250 | Vaults:3 | Reached skill level 10 in Maces & Flails
 40599 | Vaults:3 | Received a gift from Okawaru
 41343 | Vaults:4 | Noticed Jory
 41423 | Vaults:4 | Killed Jory
 41644 | Vaults:4 | Received a gift from Okawaru
 42211 | Vaults:4 | Identified the +3 leather armour "Edam" {Int+5}
 42218 | Vaults:4 | Identified the scarf of Basemy {harm, rElec rC+}
 42988 | Elf:1    | Entered Level 1 of the Elven Halls
 43154 | Elf:1    | Reached XP level 21. HP: 207/207 MP: 29/29
 43636 | Elf:1    | Received a gift from Okawaru
 44212 | Elf:1    | Paralysed by an air elemental for 1 turns
 44330 | Elf:1    | Found Gackorghi's Magic Scroll Shop.
 44413 | Elf:1    | Bought a scroll of enchant armour for 112 gold pieces
 44414 | Elf:1    | Bought 2 scrolls of silence for 285 gold pieces
 44634 | Elf:2    | Paralysed by an air elemental for 1 turns
 44723 | Elf:2    | Found a runed translucent gate.
 44723 | Elf:2    | Found a runed translucent gate.
 44725 | Elf:2    | Found a runed translucent gate.
 44987 | Elf:2    | Found Gamusch's Book Shop.
 46570 | Elf:3    | Entered Level 3 of the Elven Halls
 46570 | Elf:3    | Found Dasei's Assorted Antiques.
 46710 | Elf:3    | Bought a scroll of enchant armour for 270 gold pieces
 46794 | Elf:3    | Found Fozxov's Weapon Shop.
 46951 | Elf:3    | Received a gift from Okawaru
 47794 | Elf:3    | Identified the ring of Plog {Fly Int+6}
 47907 | Elf:3    | Identified the ring of Ymelu {rN+ rCorr Slay+2}
 48186 | Elf:3    | Identified the +7 swamp dragon scales of Zeimiam {Rampage
                  | rPois Int+3}
 48213 | Elf:3    | Got the Tractate on Crystalline Hermetica
 48219 | Elf:3    | Identified the ring of Honesty {rPois rCorr Int-5 Dex+3
                  | SInv}
 48361 | Elf:3    | Received a gift from Okawaru
 48522 | Elf:3    | Found Sapruwutt's Armour Shop.
 48952 | Elf:3    | Found Bocysas's Assorted Antiques.
 48960 | Elf:3    | Bought the +3 Mad Mage's Maulers {Infuse+∞ VampMP -Cast}
                  | for 1040 gold pieces
 48960 | Elf:3    | Found the +3 Mad Mage's Maulers {Infuse+∞ VampMP -Cast}
 49056 | Elf:3    | Found Kiokhl Jozo's Magic Scroll Boutique.
 49588 | Snake:1  | Bought an embroidered cloak for 127 gold pieces
 49589 | Snake:1  | Bought a glowing cloak for 127 gold pieces
 49590 | Snake:1  | Bought a runed cloak for 127 gold pieces
 49826 | Depths:1 | Entered Level 1 of the Depths
 50005 | Depths:1 | Noticed Sojobo
 50008 | Depths:1 | Paralysed by an air elemental for 1 turns
 50165 | Depths:1 | Killed Sojobo
 50380 | Depths:1 | Found a gateway to Hell.
 50436 | Depths:1 | Reached skill level 23 in Fighting
 50436 | Depths:1 | Reached XP level 22. HP: 220/220 MP: 11/30
 50708 | Depths:1 | Reached skill level 15 in Maces & Flails
 50792 | Depths:1 | Received a gift from Okawaru
 50964 | Depths:1 | Noticed Boris
 51024 | Depths:1 | Killed Boris
 51236 | Depths:1 | Noticed the Enchantress
 51248 | Depths:1 | Killed the Enchantress
 51653 | Depths:1 | Found Bahataum's Assorted Antiques.
 52362 | Depths:2 | Received a gift from Okawaru
 52518 | Depths:2 | Found a stormy altar of Qazlal.
 52573 | Depths:2 | Noticed a golden dragon
 52723 | Depths:2 | Noticed a golden dragon
 52733 | Depths:2 | Killed a golden dragon
 52898 | Depths:2 | Killed a golden dragon
 53156 | Depths:2 | Noticed a golden dragon
 53159 | Depths:2 | Killed a golden dragon
 53166 | Depths:2 | Identified the +1 robe of the Sea {rElec rC- Str+2 Dex+6}
 53331 | Depths:2 | Identified the +2 pair of gloves "Vuree" {Fly rElec MP+9
                  | Int-3}
 53335 | Depths:2 | Identified the +7 shortbow "Jine Hut" {drain, Str+6 Stlth+}
 53416 | Depths:2 | Found Suju's Book Shoppe.
 53417 | Depths:2 | Found Ocul's Jewellery Boutique.
 53418 | Depths:2 | Found Usuappag's Book Shoppe.
 53469 | Depths:2 | Found a snail-covered altar of Cheibriados.
 53704 | Depths:2 | Found a bloodstained altar of Trog.
 53749 | Depths:2 | Found a one-way gate leading to the halls of Pandemonium.
 53813 | Depths:2 | Found a basalt altar of Yredelemnul.
 53976 | Depths:3 | Found a one-way gateway to a ziggurat.
 54025 | Depths:3 | Found a one-way gate to the infinite horrors of the Abyss.
 54115 | Depths:3 | Received a gift from Okawaru
 54148 | Depths:3 | Reached skill level 24 in Fighting
 54290 | Depths:3 | Reached XP level 23. HP: 203/229 MP: 5/31
 54330 | Depths:3 | Acquired 702 gold pieces
 54568 | Depths:3 | Received a gift from Okawaru
 54653 | Depths:3 | Identified the orb "Xiamitzo" {light, rN+ Int+2 Ice}
 54653 | Depths:3 | Noticed Frederick
 54671 | Depths:3 | Killed Frederick
 54751 | Depths:3 | Noticed Vv
 54753 | Arena    | Entered the Arena
 54767 | Arena    | Killed Vv
 55065 | Depths:3 | Found Elosaf's General Store.
 55067 | Depths:3 | Found Raefiwnith's Specific Store.
 55298 | Depths:3 | Received a gift from Okawaru
 55578 | Depths:3 | Paralysed by a wendigo for 1 turns
 55886 | Depths:4 | Entered Level 4 of the Depths
 56389 | Depths:4 | Reached skill level 25 in Fighting
 57005 | Depths:4 | Found a gate to the Realm of Zot.
 57390 | Depths:4 | Noticed a caustic shrike
 57482 | Depths:4 | Received a gift from Okawaru
 57518 | Depths:4 | Noticed a caustic shrike
 57520 | Depths:4 | Noticed a caustic shrike
 57522 | Depths:4 | Noticed a caustic shrike
 57524 | Depths:4 | Killed a caustic shrike
 57530 | Depths:4 | Killed a caustic shrike
 57533 | Depths:4 | Killed a caustic shrike
 57539 | Depths:4 | Killed a caustic shrike
 57540 | Depths:4 | Reached skill level 26 in Fighting
 57787 | Depths:4 | Found an opulent altar of Gozag.
 58102 | Depths:4 | Found a glowing golden altar of the Shining One.
 58177 | Depths:4 | Acquired 584 gold pieces
 58562 | Elf:3    | Bought an embroidered cloak for 270 gold pieces
 58820 | D:10     | Bought a scorched morningstar for 297 gold pieces
 58820 | D:10     | Identified the +3 morningstar "Caicsiez" {spect, rElec
                  | rPois rF- Stlth+} (You bought it in a shop on level 10 of
                  | the Dungeon)
 59157 | Vaults:5 | Entered Level 5 of the Vaults
 59197 | Vaults:4 | Received a gift from Okawaru
 59376 | Vaults:5 | Noticed an ancient lich
 59382 | Vaults:5 | Reached XP level 24. HP: 235/246 MP: 25/31
 59443 | Vaults:5 | Killed an ancient lich
 60555 | Vaults:5 | Reached skill level 1 in Stealth
 61009 | Vaults:5 | Noticed an ancient lich
 61069 | Vaults:5 | Killed an ancient lich
 61632 | Vaults:5 | Got a silver rune of Zot
 62125 | Vaults:5 | Identified the +8 chain mail "Qustot" {rElec rN+ Int-4
                  | SInv}
 62127 | Vaults:5 | Got Sif Muna's Papyrus of Calorific Freezing
 62639 | Elf:1    | Bought a scroll of fear for 60 gold pieces
 62639 | Elf:1    | Bought a scroll of revelation for 112 gold pieces
 62639 | Elf:1    | Bought a scroll of fog for 60 gold pieces
 63187 | Zot:1    | Entered Level 1 of the Realm of Zot
 63335 | Zot:1    | Noticed an orb of fire
 63346 | Zot:1    | Killed an orb of fire
 64157 | Zot:1    | Noticed Grunn
 64195 | Zot:1    | Killed Grunn
 64599 | Zot:1    | Noticed a shard shrike
 64619 | Zot:1    | Received a gift from Okawaru
 64623 | Zot:1    | Noticed a shard shrike
 64630 | Zot:1    | Killed a shard shrike
 64632 | Zot:1    | Reached skill level 27 in Fighting
 64688 | Zot:1    | Killed a shard shrike
 64698 | Zot:1    | Reached XP level 25. HP: 238/257 MP: 10/31
 64713 | Zot:1    | Received a gift from Okawaru
 66225 | Zot:2    | Received a gift from Okawaru
 67444 | Zot:3    | Received a gift from Okawaru
 68122 | Zot:3    | Identified the +0 scale mail of the Present {rElec rN+++
                  | Int-5 Dex+2}
 69019 | Zot:4    | Found the +4 dragonskin cloak
 69019 | Zot:4    | Noticed Tiamat
 69055 | Zot:4    | Killed Tiamat
 70195 | Zot:5    | Entered Level 5 of the Realm of Zot
 70980 | Zot:5    | Reached skill level 15 in Throwing
 70980 | Zot:5    | Reached XP level 26. HP: 244/266 MP: 4/31
 71181 | Zot:5    | Identified the +2 pair of gloves "Antau" {+Inv rC- Str+4}
 71235 | Zot:5    | Noticed an orb of fire
 71270 | Zot:5    | Killed an orb of fire
 71592 | Zot:5    | Received a gift from Okawaru
 71599 | Zot:5    | Noticed an ancient lich
 71611 | Zot:5    | Killed an ancient lich
 71633 | Zot:5    | Noticed an orb of fire
 71637 | Zot:5    | Gained mutation: You are clumsy. (Dex -2) [mutagenic glow]
 71640 | Zot:5    | Killed an orb of fire
 71640 | Zot:5    | Noticed an orb of fire
 71641 | Zot:5    | Noticed an orb of fire
 71645 | Zot:5    | Gained mutation: Potions are less effective at restoring
                  | your health. [an orb of fire]
 71649 | Zot:5    | Killed an orb of fire
 71654 | Zot:5    | Killed an orb of fire
 71658 | Zot:5    | Noticed an orb of fire
 71661 | Zot:5    | Killed an orb of fire
 71666 | Zot:5    | Gained mutation: You are occasionally teleported next to
                  | monsters. [mutagenic glow]
 71667 | Zot:5    | Lost mutation: You are clumsy. (Dex -2) [potion of
                  | mutation]
 71667 | Zot:5    | Lost mutation: You are occasionally teleported next to
                  | monsters. [potion of mutation]
 71667 | Zot:5    | Lost mutation: Potions are less effective at restoring your
                  | health. [potion of mutation]
 71667 | Zot:5    | Gained mutation: Your magical capacity is low. (-10% MP)
                  | [potion of mutation]
 71680 | Zot:5    | Gained mutation: You are clumsy. (Dex -2) [mutagenic glow]
 71736 | Zot:5    | Noticed an orb of fire
 71738 | Zot:5    | Gained mutation: Your body sometimes deteriorates upon
                  | taking damage. [an orb of fire]
 71740 | Zot:5    | Gained mutation: Your magical capacity is very low. (-20%
                  | MP) [an orb of fire]
 71747 | Zot:5    | Lost mutation: Your magical capacity is very low. (-20% MP)
                  | [potion of mutation]
 71747 | Zot:5    | Lost mutation: Your body sometimes deteriorates upon taking
                  | damage. [potion of mutation]
 71747 | Zot:5    | Gained mutation: You expend magic power (3 MP) to
                  | strengthen your wands. [potion of mutation]
 71747 | Zot:5    | Gained mutation: You are frail. (-10% HP) [potion of
                  | mutation]
 71747 | Zot:5    | Gained mutation: You are somewhat resistant to further
                  | mutation. [potion of mutation]
 71777 | Zot:5    | Killed an orb of fire
 71979 | Zot:5    | Received a gift from Okawaru
 72028 | Zot:5    | Got the Orb of Zot
 72204 | Depths:2 | Noticed Haxeuh the pandemonium lord
 72320 | D:11     | Noticed Vyrer the pandemonium lord
 72565 | D:$      | Escaped with the Orb!

Illustrated notes

Levels and vault maps discovered:
D:1:      dpeg_arrival_lava_altar, layout_basic, serial_shops,
          nicolae_shop_hallway_stairs, nicolae_eternal_life
D:2:      cheibrodos_greedy_goblins, layout_loops_corners,
          nicolae_figureground_pulse, uniq_robin, uniq_natasha
D:3:      layout_basic, hellmonk_ecumenical_altar_crossroads
D:4:      layout_cave_pools, mainiacjoe_overflow_boulevard,
          gammafunk_ghost_arena, hangedman_feature_mirror
D:5:      minmay_opposing_rooms, layout_gridville, nicolae_uskayaw_en_pointe,
          mainiacjoe_overflow_small_starburst, minivault_23
D:6:      layout_basic, nicolae_ru_the_path_less_chosen,
          hellmonk_sif_muna_bookshelves, mainiacjoe_overflow_alcove_2,
          minmay_temple_entry_trees, st_stairs_10
D:7:      layout_cave_pods
D:8:      layout_loops_ring, general_overflow_altar, serial_shops, shop,
          uniq_jeremiah
D:9:      layout_roguey, kennysheep_potato
D:10:     layout_loops_ring, led_xom_imps, lair_entry_dummy, serial_shops, shop,
          serial_ice, serial_ice_a, serial_ice_b, serial_ice_k, serial_ice_n,
          serial_ice_e, serial_ice_c, kennysheep_small_square
D:11:     layout_gridville, minmay_orc_entry_guard_dogs, gauntlet_entry_generic,
          minmay_lizard_king, uniq_harold, uniq_nergalle, uniq_maurice,
          uniq_fannar
D:12:     layout_basic
D:13:     layout_cave_pods, trog_butcher_becter, uniq_snorg, uniq_nessos,
          uniq_frances
D:14:     layout_loops_cross, david_vaults_4, minmay_misc_feat_square
D:15:     hangedman_depths_entry_civil_slaughter, layout_basic,
          okawaru_metal_pillars_1_2, serial_demonic, serial_demonic_f,
          serial_demonic_b, serial_demonic_a, serial_demonic_c,
          serial_demonic_a, serial_demonic_g, serial_demonic_g
Lair:1:   layout_loops_ring, gammafunk_lair_bear_cave, uniq_gastronok
Lair:2:   layout_roguey, mainiacjoe_swamp_entry_angry_trees,
          small_statue_intersection, beast_lair_carwin_11
Lair:3:   wad_woods_structure_01, layout_long_grid, guppyfry_snake_entry_island,
          gammafunk_ghost_split, uniq_prince_ribbit2
Lair:4:   layout_regular_city
Lair:5:   minmay_lair_end_frog_pond, layout_regular_city,
          nicolae_slime_entry_slimehenge
Swamp:1:  layout_falls_marsh, evilmike_swamp_ruin_house_2, uniq_nikola
Swamp:2:  layout_basic_swamp, evilmike_swamp_ruin_house_6,
          nicolae_swamp_decorative_isthmus
Swamp:3:  layout_basic_swamp, evilmike_swamp_ruin_house_5, swamp_pool_5,
          nicolae_swamp_frolicking_bunyips
Swamp:4:  swamp_pestilence, layout_basic_swamp, infiniplex_staircase_pool
Snake:1:  layout_layer_cave, serial_shops, nicolae_shop_just_a_little_nook,
          evilmike_ambush [evilmike_ambush_outer_pillars,
          evilmike_ambush_inner_pond], uniq_mlioglotl
Snake:2:  layout_grid_maze
Snake:3:  layout_chambers, uniq_mara, uniq_aizul, uniq_bai_suzhen
Snake:4:  grunt_snake_rune_pools, layout_cave_town, ebering_ghost_rock_garden,
          nicolae_snake_salamander_fort, uniq_vashnia
Orc:1:    layout_caves, basic_altar, portal_ice_cave_entry_pillars_1, uniq_urug,
          uniq_jorgrun
Orc:2:    st_orc_ogre_mass, layout_diamond_mine, uniq_erolcha, uniq_donald
Elf:1:    eino_elf_arrival_sip, layout_onion_city, serial_shops,
          nicolae_shop_real_fake_doors, minmay_elf_sorcery
Elf:2:    nicolae_elf_blades_splatter_lattice [nicolae_blade_lattice],
          layout_rooms, serial_shops, nicolae_shop_rolling_square
Elf:3:    minmay_elf_hall_x, layout_geoelf_octagon, serial_shops,
          nicolae_lakefront_shop, shop, nicolae_shop_tiny_statue_garden,
          nicolae_shop_rolled_up, shop
Vaults:1: nicolae_vaults_steering_wheel, vaults_room_grunt_arrival_checkpoint,
          v_rooms_2, nicolae_vaults_closet_pinwheel_2,
          nicolae_vaults_display_case, nicolae_vaults_turnstiles,
          vaults_room_corners, vaults_room_semicircle,
          nicolae_vaults_tetromino_T_1, layout_vaults_big_cross, serial_shops,
          shop, uniq_boris
Vaults:2: ontoclasm_vaults_pinch, nicolae_vaults_surprise_closet,
          hangedman_vaults_impose, hangedman_vaults_stream, v_misc_5,
          nicolae_vaults_taking_the_gang_shopping,
          nicolae_vaults_you_can_take_it_with_you, grunt_vaults_twisty,
          nicolae_vaults_house_1, hangedman_vaults_capsules,
          vaults_mumra_chevron, nicolae_vaults_hexular_roomagon,
          layout_vaults_maze_bifur, serial_shops, bzr_entry_customers,
          uniq_xtahua
Vaults:3: dpeg_vaults_pockets_of_resistance, minmay_crypt_entry_necro_gods,
          ontoclasm_vaults_fault, nicolae_vaults_circle_grid_b,
          grunt_vaults_focal, v_rooms_3, serial_library_hellmonk_angled_corner,
          v_misc_17, nicolae_vaults_little_squares_4, v_misc_13,
          layout_vaults_chaotic_city
Vaults:4: v_rooms_4, v_pattern_5, nicolae_vaults_octothorpe,
          nicolae_vaults_rhombus_6, hangedman_vaults_impose, v_misc_15,
          nicolae_vaults_cornered_office, nicolae_vaults_surprise_closet,
          nicolae_vaults_storing_the_good_stuff, layout_vaults_omnigrid,
          uniq_jory
Vaults:5
Depths:1: layout_gridville, glass_columns_b, hellmouth_3, serial_shops,
          nicolae_shop_overgrown_old_shop, kennysheep_small_spiral,
          minislime_mu, serial_bayou_shore_b, uniq_sojobo, uniq_enchantress
Depths:2: minmay_the_grid_octo_tiled_squarecenter [minmay_the_grid_octo_77,
          minmay_the_grid_octo_toaster, minmay_the_grid_octo_vomiting_pacman,
          minmay_the_grid_octo_thin_diamonds,
          minmay_the_grid_square_5x5_megaprize_open,
          minmay_the_grid_square_5x5_pentomino_r,
          minmay_the_grid_square_5x5_shuriken,
          minmay_the_grid_square_5x5_three_small, minmay_the_grid_square_5x5_n],
          layout_gridville, hell_entry, rand_demon_pan_entry_4,
          cheibriados_altar_1, grunt_qazlal_clouds,
          minmay_staircase_windowed_small, minmay_shop_grove
Depths:3: dreamdust_isle_of_ice, layout_gridlike, enter_ziggurat_b,
          pf_coc_iceberg, serial_bayou_pond_d, abyss_entry_small_statue_room,
          minmay_misc_feat_more_columns, nicolae_specific_store, uniq_vv,
          uniq_frederick
Depths:4: grunt_x_marks_the_spot, layout_honeycomb, grunt_pan_entry_zigzag,
          hell_entry, nicolae_tso_carved_into_rock, grunt_gozag_statues
Zot:1:    layout_gridlike, hangedman_zot_gyre, st_stairs_13,
          hangedman_zot_spectrum, uniq_grunn
Zot:2:    kennysheep_blocky_room, layout_onion_interference
Zot:3:    layout_gridlike, hangedman_zot_decor_slant, grunt_ministairs_11
Zot:4:    layout_gridville, gammafunk_ghost_tricky_traps, uniq_tiamat
Zot:5:    layout_gridlike

Skill      XL: |  1  2  3  4  5  6  7  8  9 10 11 12 13 14 15 16 17 18 19 20 21 22 23 24 25 26 |
---------------+-------------------------------------------------------------------------------+-----
Armour         | 4 5 6 7 8 10 11 12 13 14 15 16 17 18 19 20 21 22 24 | 24.5
Fighting       | 4 5 6 7 8 10 11 12 13 14 15 16 17 18 21 22 23 24 26 27 | 27.0
Axes           | 3 4 5 7 9 12 13 14 16 17 18 19 20 21 | 21.4
Shields        | 4 5 6 7 8 9 11 12 13 14 15 16 17 18 19 20 21 22 24 | 24.4
Throwing       | 1 2 3 4 6 8 10 12 13 15 | 15.6
Invocations    | 2 4 8 11 13 | 13.0
Dodging        | 2 3 5 |  5.0
Evocations     | 3 5 |  5.0
Maces & Flails | 2 8 11 14 16 18 20 22 23 | 23.8
Stealth        | 3 |  3.0

Action                     |  1- 3 |  4- 6 |  7- 9 | 10-12 | 13-15 | 16-18 | 19-21 | 22-24 | 25-27 || total
---------------------------+-------+-------+-------+-------+-------+-------+-------+-------+-------++-------
  Melee: War axe           |    58 |   177 |   288 |   440 |       |       |       |       |       ||   963
         Headbutt          |     7 |    33 |    46 |   123 |   257 |   348 |   312 |   227 |    99 ||  1452
         Trident           |       |       |    27 |       |       |       |       |       |       ||    27
         Hand axe          |       |       |     5 |       |       |       |       |       |       ||     5
         Spear             |       |       |       |     6 |    13 |       |       |       |       ||    19
         Broad axe         |       |       |       |    87 |  1000 |  1162 |       |       |       ||  2249
         Eveningstar       |       |       |       |       |     7 |    83 |  1190 |   857 |   385 ||  2522
         Flail             |       |       |       |       |       |    24 |    24 |    86 |     2 ||   136
         Falchion          |       |       |       |       |       |       |       |       |     1 ||     1
  Throw: Stone             |     2 |     9 |    39 |     4 |    43 |    36 |     5 |       |       ||   138
         Dart              |       |       |    11 |    22 |     7 |     6 |     3 |    10 |     1 ||    60
         Boomerang         |       |       |     2 |     7 |    26 |    40 |    14 |    71 |       ||   160
         Javelin           |       |       |       |     4 |    25 |    73 |    89 |    99 |   130 ||   420
         Throwing net      |       |       |       |       |       |     2 |     2 |       |     2 ||     6
 Invoke: Heroism           |       |       |     5 |     3 |    15 |     6 |    10 |    11 |       ||    50
         Receive Weapon    |       |       |       |     1 |       |       |       |       |       ||     1
         Receive Armour    |       |       |       |     1 |       |       |       |       |       ||     1
         Finesse           |       |       |       |       |    11 |     6 |    10 |    11 |     7 ||    45
         Duel              |       |       |       |       |       |     2 |       |     1 |       ||     3
  Evoke: Wand              |       |       |       |     1 |    19 |     2 |    10 |    11 |    17 ||    60
         Phial of floods   |       |       |       |       |     1 |     1 |       |     1 |     1 ||     4
    Use: Scroll            |       |     7 |     9 |     7 |    11 |    13 |    22 |    12 |    12 ||    93
         Potion            |       |       |       |       |     1 |     2 |     2 |    10 |    10 ||    25
   Stab: Invisible         |       |       |       |       |     2 |     3 |       |     5 |       ||    10
         Sleeping          |       |       |       |       |     1 |     2 |       |       |       ||     3
         Distracted        |       |       |       |       |     1 |       |     1 |       |       ||     2
         Confused          |       |       |       |       |       |     1 |       |       |       ||     1
         Paralysed         |       |       |       |       |       |       |     3 |     3 |       ||     6
 Armour: Scale mail        |    42 |     1 |    91 |   216 |   358 |   533 |    80 |       |       ||  1321
         Chain mail        |       |   104 |    79 |       |       |       |       |       |       ||   183
         Plate armour      |       |       |       |       |       |       |   486 |   723 |   359 ||  1568
  Dodge: Dodged            |    16 |    51 |   165 |   241 |   250 |   266 |   177 |   207 |    83 ||  1456
  Block: Buckler           |    14 |    32 |    77 |   107 |       |       |       |       |       ||   230
         Tower shield      |       |       |       |    32 |   707 |  1003 |   800 |  1064 |   385 ||  3991
